 Dungeon Crawl Stone Soup version 0.27.1 (webtiles) character file.

Game seed: 4478463814284648360

170 H0rd4k the Caller (level 5, -2/35 HPs)
             Began as a Barachi Summoner on Aug 26, 2021.
             Was an Initiate of Qazlal.
             Slain by a hound (3 damage)
             ... on level 5 of the Dungeon.
             The game lasted 00:08:01 (4762 turns).

H0rd4k the Caller (Barachi Summoner)                Turns: 4762, Time: 00:08:02

Health: -2/35      AC:  2    Str: 10    XL:     5   Next: 50%
Magic:  1/11       EV: 27    Int: 22    God:    Qazlal [......]
Gold:   164        SH:  0    Dex: 12    Spells: 8/12 levels left

rFire    . . .     SeeInvis .   (no weapon)
rCold    . . .     Faith    .   (no shield)
rNeg     . . .     Spirit   .   a - +0 robe
rPois    .         Reflect  .   (no helmet)
rElec    .         Harm     .   (no cloak)
rCorr    .         Rampage  .   (no gloves)
Will     .....                  (no boots)
Stlth    ++........             e - amulet of the acrobat
HPRegen  0.11/turn              i - +6 ring of intelligence
MPRegen  0.12/turn              (no ring)

@: unable to hop, acrobatic, slow
A: amphibious, slowness 1, strong legs 1, +LOS
a: Hop, Renounce Religion


You were on level 5 of the Dungeon.
You worshipped Qazlal.
Qazlal was noncommittal.
You visited 1 branch of the dungeon, and saw 5 of its levels.

You collected 164 gold pieces.

Inventory:

Hand Weapons
 m - a +1 hunting sling of flaming
Armour
 a - a +0 robe (worn)
Jewellery
 e - an amulet of the acrobat (around neck)
 i - a +6 ring of intelligence (left hand)
 p - a ring of ice
Wands
 n - a wand of iceblast (9)
Scrolls
 d - 3 scrolls of teleportation
 f - a scroll of fear {unknown}
 g - a scroll of amnesia {unknown}
 j - a scroll of magic mapping {unknown}
Potions
 b - a potion of mutation
 c - a potion of resistance {unknown}
 h - a potion of brilliance {unknown}
 k - a potion of flight
 l - a potion of curing
 o - a potion of might
 q - a potion of ambrosia


   Skills:
 + Level 2.2 Dodging
 - Level 1.7 Stealth
 + Level 0.4 Unarmed Combat
 * Level 4.1 Spellcasting
 * Level 6.6 Summonings


You had 8 spell levels left.
You knew the following spells:

 Your Spells              Type           Power      Damage    Failure   Level
a - Summon Small Mammal   Summ           100%       N/A       1%          1
b - Call Canine Familiar  Summ           33%        N/A       2%          3

Your spell library contained the following spells:

 Spells                   Type           Power      Damage    Failure   Level
 Call Imp                 Summ           33%        N/A       1%          2
 Summon Guardian Golem    Hex/Summ       19%        N/A       9%          3
 Passwall                 Tmut/Erth      3%         N/A       17%         2
 Summon Lightning Spire   Summ/Air       19%        N/A       28%         4
 Swiftness                Air            4%         N/A       32%         3
 Invisibility             Hex            2%         N/A       100%        6


Dungeon Overview and Level Annotations

Branches:
Dungeon (5/15)
 Temple: D:4-7

Altars:
Gozag
Kikubaaqudgha
Qazlal

Annotations:
D:4 Blork the orc
D:5 exclusion: upstairs


Innate Abilities, Weirdness & Mutations

You are amphibious.
You cover ground slowly.
You can hop short distances.
You have an extended range of vision and can be seen from far away.


Message History

Your hound misses the phantom.
Your hound bites the phantom.
The white imp gestures at you. The puff of frost hits you!
Your hound misses the phantom.
Your hound closely misses the phantom.
The white imp gestures at you. The puff of frost misses you.
The white imp completely misses you.
A hound comes into view.
The phantom closely misses you. The white imp barely misses you.
Your hound barely misses the white imp.
The white imp hits you. The white imp freezes you.
* * * LOW HITPOINT WARNING * * *
Your hound bites the white imp but does no damage.
The white imp gestures at you. The puff of frost misses you.
Your hound bites the white imp.
Okay, then.
Unknown command.
Hop to where?
Press: ? - help, Dir - move target Boing!
As you read the scroll of teleportation, it crumbles to dust.
You feel strangely unstable.
Your hound bites the white imp.
Your surroundings suddenly seem different.
Found 32 stones.
Casting: Call Canine Familiar (dangerous; 2% risk of failure)
Confirm with . or Enter, or press ? or * to list all spells.
Your wolf closely misses the hound.
The white imp gestures at you. The puff of frost hits you!
* * * LOW HITPOINT WARNING * * *
The white imp gestures at you. The puff of frost misses your wolf.
The puff of frost hits the hound.
The phantom misses your wolf.
Your wolf barely misses the phantom.
The white imp gestures at you. The puff of frost hits your wolf!
The phantom misses your wolf.
Your wolf bites the phantom but does no damage.
The hound bites you.
You die...

### ########### ...
#.@........
#.##h#########
#..........#
(.###..........#
......##h#####.##
........W....:... #
#.##.#.#..##.#.### ...
#........5....<..#.....
####(#.....W........#


You could see a phantom (ally target), a hound and a friendly wolf (summoned).

Vanquished Creatures (collateral kills)
  2 orc priests
  Jessica (D:3)
  A hound skeleton (D:4)
  9 adders
  4 gnolls (D:3)
  An ufetubus (D:5)
  2 worms (D:2)
  7 orcs
  8 endoplasms
  2 giant cockroaches
  7 goblins
  6 hobgoblins
  7 jackals
  4 quokkas
  3 ball pythons
  7 bats (D:1)
  2 frilled lizards
  5 kobolds
  3 rats
81 creatures vanquished.

Vanquished Creatures (others)
  An endoplasm (D:3)
1 creature vanquished.

Grand Total: 82 creatures vanquished

Notes
Turn   | Place    | Note
-------+----------+-------------------------------------------
     0 | D:1      | H0rd4k the Barachi Summoner began the quest for the Orb.
     0 | D:1      | Reached XP level 1. HP: 13/13 MP: 3/3
   182 | D:1      | Reached skill level 5 in Summonings
   435 | D:1      | Reached XP level 2. HP: 19/19 MP: 0/5
   907 | D:1      | Found a faded altar of an unknown god.
  1755 | D:2      | Reached XP level 3. HP: 24/24 MP: 0/7
  1759 | D:2      | Learned a level 3 spell: Call Canine Familiar
  2897 | D:2      | Reached XP level 4. HP: 11/30 MP: 0/9
  3121 | D:3      | Found an ancient bone altar of Kikubaaqudgha.
  3510 | D:3      | Reached skill level 6 in Summonings
  3544 | D:3      | Found an opulent altar of Gozag.
  3811 | D:3      | Found a stormy altar of Qazlal.
  3821 | D:3      | Became a worshipper of Qazlal Stormbringer
  3872 | D:3      | Reached XP level 5. HP: 35/35 MP: 6/10
  3920 | D:3      | Noticed Jessica
  3930 | D:3      | Killed Jessica
  4679 | D:4      | Noticed Blork the orc
  4680 | D:4      | Noticed an ogre
  4688 | D:5      | Entered Level 5 of the Dungeon
  4711 | D:5      | Noticed a phantom
  4760 | D:5      | HP: 1/35 [white imp/puff of frost (9)]
  4762 | D:5      | Slain by a hound

Illustrated notes

Levels and vault maps discovered:
D:1:      mrwooster_arrival_arrow, layout_basic,
          chequers_ecumenical_altar_twisty
D:2:      layout_basic, minmay_misc_feat_diagonals
D:3:      layout_loops_cross, mainiacjoe_overflow_catch_the_wave,
          mainiacjoe_overflow_brackets, minmay_misc_feat_rugged,
          lemuel_flame_loot_1, uniq_jessica
D:4:      layout_rooms, nicolae_dithmenos_through_a_glass_darkly, uniq_sigmund,
          uniq_blork_the_orc
D:5:      layout_loops_ring, mainiacjoe_overflow_small_starburst,
          kennysheep_mini_moat, uniq_pikel, uniq_crazy_yiuf_cottage

Skill      XL: |  1  2  3  4  5 |
---------------+----------------+-----
Summonings     | 5 6 |  6.6
Spellcasting   | 3 4 |  4.1
Dodging        | |  2.2
Stealth        | |  1.7
Unarmed Combat | |  0.4

Action                   |  1- 3 |  4- 6 || total
-------------------------+-------+-------++-------
Melee: Unarmed           |     6 |     5 ||    11
 Cast: Summon Small Mamm |   148 |    13 ||   161
       Call Canine Famil |     1 |    18 ||    19
 Abil: Hop               |       |     1 ||     1
  Use: Scroll            |       |     7 ||     7
       Potion            |       |     2 ||     2
Armor: Robe              |    20 |     6 ||    26
Dodge: Dodged            |    69 |    63 ||   132
